 Dungeon Crawl Stone Soup version 0.24.0-125-gc4c63601f3 (webtiles) character file.

Game seed: 6053377104283896443, levelgen mode: deterministic

67 Curus the Cudgeler (level 3, -4/31 HPs)
             Began as a Minotaur Monk on Feb 19, 2020.
             Slain by a gnoll
             ... wielding a +0 halberd
              (8 damage)
             ... on level 2 of the Dungeon.
             The game lasted 00:03:40 (1071 turns).

Curus the Cudgeler (Minotaur Monk)                  Turns: 1071, Time: 00:03:41

Health: -4/31      AC: 10    Str: 14 (15) XL:     3   Next: 98%
Magic:  0/2        EV:  4    Int:  5 (7)  God:
Gold:   69         SH:  0    Dex: 12 (13) Spells: 2/2 levels left

rFire    . . .     SeeInvis .   a - +0 mace
rCold    . . .     Gourm    .   (no shield)
rNeg     . . .     Faith    .   h - +0 plate armour
rPois    .         Spirit   +   g - +0 hat
rElec    .         Reflect  .   (no cloak)
rCorr    .         Harm     .   (no gloves)
MR       .....                  (no boots)
Stlth    ..........             f - amulet of guardian spirit
HPRegen  0.10/turn              (no ring)
MPRegen  0.08/turn              (no ring)

@: no status effects
A: retaliatory headbutt, horns 2
a: no special abilities


You were on level 2 of the Dungeon.
You were hungry.

You visited 1 branch of the dungeon, and saw 2 of its levels.

You collected 69 gold pieces.

Inventory:

Hand Weapons
 a - a +0 mace (weapon)
Armour
 b - a +0 robe
 d - a +0 scale mail
 g - a +0 hat (worn)
 h - a +0 plate armour (worn)
Jewellery
 f - an amulet of guardian spirit (around neck)
Scrolls
 e - a scroll of magic mapping
 i - a scroll of amnesia
Comestibles
 c - 3 rations


   Skills:
 - Level 3.6 Fighting
 + Level 5.9 Maces & Flails
 - Level 3.2 Dodging
 - Level 1.5 Stealth


You had 2 spell levels left.
You didn't know any spells.
Your spell library contained the following spells:

 Spells                   Type           Power        Failure   Level  Hunger
 Confusing Touch          Hex            #.....       100%        1    ##.....
 Confuse                  Hex            #.......     100%        3    ####...
 Gell's Gravitas          Tloc           #.........   100%        3    ####...
 Petrify                  Tmut/Erth      #.......     100%        4    #####..
 Metabolic Englaciation   Hex/Ice        #.........   100%        5    ######.
 Yara's Violent Unravell  Hex/Tmut       #.........   100%        5    ######.


Dungeon Overview and Level Annotations

Branches:
Dungeon (2/15)

Altars:


Innate Abilities, Weirdness & Mutations

You reflexively headbutt those who attack you in melee.
You have a pair of horns on your head.


Message History

You hit the gnoll but do no damage. The gnoll hits you with a +0 halberd!
The gnoll hits you but does no damage.
You hit the gnoll.
The gnoll is lightly wounded.
The gnoll hits you with a +0 halberd!
* * * LOW HITPOINT WARNING * * *
The gnoll barely misses you. You furiously retaliate!
You headbutt the gnoll. The gnoll hits you but does no damage.
The frilled lizard bites you.
* * * LOW HITPOINT WARNING * * *
You see here a fizzy green potion.
You sock the frilled lizard!
You kill the frilled lizard!
The gnoll hits you from afar with a +0 halberd.
* * * LOW HITPOINT WARNING * * *
Found 9 gold pieces.
You are feeling hungry.
There is a stone staircase leading up here.
The gnoll hits you from afar with a +0 halberd!
You die...

#####
##############...#
#.........g.gg...#
#.############...#
#.# ##@## ##.# #.#
.g.# #.# ##.# #.#
#.# #.# #.# #.#
##.# #####
#.###### ##.#
#...#### #......#
### ##.# #.#....#
######.##...##


You could see 2 gnolls.

Vanquished Creatures
  A gnoll (D:2)
  2 adders (D:2)
  2 worms (D:2)
  2 dart slugs (D:1)
  A giant cockroach (D:1)
  3 goblins
  2 hobgoblins (D:1)
  5 bats
  2 frilled lizards (D:2)
  10 kobolds
  4 rats
34 creatures vanquished.

Vanquished Creatures (others)
  9 toadstools (D:2)
9 creatures vanquished.

Grand Total: 43 creatures vanquished

Notes
Turn   | Place    | Note
-------+----------+-------------------------------------------
     0 | D:1      | Curus the Minotaur Monk began the quest for the Orb.
     0 | D:1      | Reached XP level 1. HP: 19/19 MP: 0/0
   122 | D:1      | Reached skill level 4 in Maces & Flails
   203 | D:1      | Reached XP level 2. HP: 19/26 MP: 1/1
   604 | D:2      | Reached skill level 5 in Maces & Flails
   636 | D:2      | Reached XP level 3. HP: 18/31 MP: 0/2
  1038 | D:2      | HP: 1/31 [gnoll/+0 halberd (3)]
  1071 | D:2      | Slain by a gnoll

Levels and vault maps discovered:
D:1:      dpeg_arrival_tiny_a, layout_loops_ring
D:2:      cheibrodos_fertilizer, layout_loops_ring, serial_glass,
          glass_columns_c, glass_columns_b, minmay_pentomino_t4, uniq_jessica

Skill      XL: |  1  2 |
---------------+-------+-----
Maces & Flails | 4 5 |  5.9
Fighting       | |  3.6
Dodging        | |  3.2
Stealth        | |  1.5

Action                   || total
-------------------------++-------
Melee: Mace              ||    79
       Headbutt          ||    11
  Use: Scroll            ||     4
       Potion            ||     3
 Stab: Sleeping          ||     1
Armor: Scale mail        ||    26
       Plate armour      ||    21
Dodge: Dodged            ||    34
